 Dungeon Crawl Stone Soup version 0.31-a0-1412-g7b7c7d10e1 (webtiles) character file.

Game seed: 11091561508095214842

1933291 EnegeticOcto the Deadly Accurate (level 27, 224/224 HPs)
             Began as a Barachi Ice Elementalist on Dec 26, 2023.
             Was the Champion of Vehumet.
             Escaped with the Orb
             ... and 4 runes!
             The game lasted 02:44:59 (96918 turns).

EnegeticOcto the Deadly Accurate (BaIE)            Turns: 96918, Time: 02:45:00

Health: 224/224    AC: 32    Str: 11    XL:     27
Magic:  34/47      EV: 24    Int: 38    God:    Vehumet [******]
Gold:   3762       SH: 21    Dex: 22    Spells: 21/66 levels left

rFire   + + .        K - staff of Butocvaga {rF+ rN+ Dex+3 Fire}
rCold   + + .        t - +5 kite shield {AC+3}
rNeg    + + .        H - quicksilver dragon scales
rPois   +            a - +2 helmet {SInv}
rElec   +            Q - +1 cloak "Inau" {Rampage rPois rF+ rC+}
rCorr   +            h - +2 pair of gloves "Holasmobu" {rC+}
SInv    +            c - +1 pair of boots "Lyumm" {rElec}
Will    ++++.        E - amulet "Xuc Zuz" {RegenMP ^Drain rF- Regen+ Int+8}
Stlth   +            T - ring "Ybbejunwost" {rF+ rN+ Int+5 Dex+2}
HPRegen 1.37/turn    p - ring of the Prince of Darkness {Wiz +Blink Will+ rCorr Dex+3}
MPRegen 0.70/turn

%: rampage, wizardry (x1)
@: studying 3 skills, slow
A: amphibious, slowness 1, strong legs 2, +LOS, deterioration 1, dopey 1
0: Orb of Zot
}: 4/15 runes: barnacled, slimy, silver, gossamer
a: Hop, Renounce Religion, Evoke Blink


You escaped.
You worshipped Vehumet.
Vehumet was exalted by your worship.
You visited 12 branches of the dungeon, and saw 56 of its levels.
You visited 1 bazaar.
You also visited: Trove, Gauntlet and Ice Cave.

You collected 11868 gold pieces.
You spent 8106 gold pieces at shops.

Inventory:

Missiles
 i - 3 throwing nets {!f}
 n - 11 javelins
 w - 37 curare-tipped darts
 V - 23 silver javelins
 Z - 44 boomerangs (quivered)
Armour
 a - a +2 helmet of see invisible (worn)
   (You bought it in a shop on level 2 of the Orcish Mines)
 c - the +1 pair of boots "Lyumm" (worn) {rElec}
   (You found it on level 5 of the Pits of Slime)

   rElec:     It insulates you from electricity.
 h - the +2 pair of gloves "Holasmobu" (worn) {rC+}
   (You found it on level 5 of the Vaults)

   rC+:       It protects you from cold.
 t - a +5 kite shield of protection (worn)
   (You found it in a treasure trove)
 H - quicksilver dragon scales (worn)
   (You found it on level 5 of the Vaults)
 Q - the +1 cloak "Inau" (worn) {Rampage rPois rF+ rC+}
   (You found it on level 6 of the Dungeon)

   rF+:       It protects you from fire.
   rC+:       It protects you from cold.
   rPois:     It protects you from poison Rampage: It bestows one free step when
   moving towards enemies.
Magical Staves
 K - the staff of Butocvaga (weapon) {rF+ rN+ Dex+3 Fire}
   (You found it on level 5 of the Lair of Beasts)

   [staff of fire]

   Base accuracy: +5 Base damage: 5 Base attack delay: 1.2 This weapon's minimum
   attack delay (0.6) is reached at skill level 12.
   Dex+3:     It affects your dexterity (+3).
   rF+:       It protects you from fire.
   rN+:       It protects you from negative energy.
   Fire:      It increases the power of your Fire spells.
   It falls into the 'Staves' category.
   It is a one-handed weapon.
Jewellery
 p - the ring of the Prince of Darkness (right hand) {Wiz +Blink Will+ rCorr Dex+3}
   (You found it in a treasure trove)

   [ring of wizardry]

   Wiz:       It improves your spell success rate.
   Dex+3:     It affects your dexterity (+3).
   Will+:     It increases your willpower.
   +Blink:    It lets you blink.
   rCorr:     It protects you from acid and corrosion.
 E - the amulet "Xuc Zuz" (around neck) {RegenMP ^Drain rF- Regen+ Int+8}
   (You bought it in a shop on level 4 of the Vaults)

   [amulet of magic regeneration]

   RegenMP:   It increases your rate of magic regeneration.
   Int+8:     It affects your intelligence (+8).
   rF-:       It makes you vulnerable to fire.
   Regen+:    It increases your rate of health regeneration.
   ^Drain:    It drains your maximum health when unequipped.
 T - the ring "Ybbejunwost" (left hand) {rF+ rN+ Int+5 Dex+2}
   (You found it on level 1 of the Vaults)

   [ring of positive energy]

   Int+5:     It affects your intelligence (+5).
   Dex+2:     It affects your dexterity (+2).
   rF+:       It protects you from fire.
   rN+:       It protects you from negative energy.
Wands
 f - a wand of acid (13) {@v1}
   (You found it on level 4 of the Lair of Beasts)
 y - a wand of digging (7) {@v3}
   (You found it on level 4 of the Lair of Beasts)
 N - a wand of charming (44)
   (You took it off Maggie on level 7 of the Dungeon)
 O - a wand of iceblast (65) {@v2}
   (You found it on level 6 of the Dungeon)
 R - a wand of polymorph (45)
   (You found it on level 6 of the Dungeon)
Scrolls
 e - 2 scrolls of enchant armour
 j - 3 scrolls of blinking {@r4}
 k - 5 scrolls of fog {!r}
 m - 2 scrolls of revelation {@r5 !r}
 o - 7 scrolls of immolation
 r - 6 scrolls of fear {!r}
 s - 20 scrolls of teleportation {@r3 !r}
 u - 3 scrolls of summoning
 A - 2 scrolls of silence {!r}
 J - 12 scrolls of poison
 W - 8 scrolls of vulnerability
Potions
 b - 4 potions of magic
 d - 2 potions of cancellation
 g - 11 potions of brilliance
 l - 9 potions of lignification {@q6}
 q - 7 potions of might {@q3 !q}
 v - 24 potions of curing {@q1 !q}
 x - 8 potions of ambrosia
 z - 11 potions of heal wounds {@q2 !q}
 D - 3 potions of haste {@q4 !q}
 G - 4 potions of resistance
 I - 5 potions of attraction
 L - 15 potions of enlightenment
 M - 7 potions of mutation
 S - 5 potions of berserk rage
 U - 13 potions of invisibility
Miscellaneous
 B - a tin of tremorstones (2/2)
   (You found it on level 4 of the Vaults)
 C - a lightning rod (4/4)
   (You found it on level 5 of the Vaults)
 F - a phantom mirror
   (You found it on level 4 of the Shoals)
 X - a phial of floods
   (You found it on level 3 of the Crypt)
 Y - a box of beasts
   (You found it in a Gauntlet)


   Skills:
 - Level 20.0 Fighting
 - Level 20.9 Throwing
 + Level 17.0 Armour
 - Level 20.0 Dodging
 - Level 3.0 Stealth
 + Level 18.5 Shields
 - Level 20.0 Spellcasting
 - Level 10.0 Conjurations
 - Level 4.0 Summonings
 - Level 14.8 Fire Magic
 - Level 20.0 Ice Magic
 - Level 17.0 Air Magic
 - Level 10.0 Evocations


You had 21 spell levels left.
You knew the following spells:

 Your Spells              Type           Power      Damage    Failure   Level
a - Plasma Beam           Fire/Air       63%        2x1d79    1%          6
b - Arcjolt               Conj/Air       48%        1d58      1%          5
c - Ozocubu's Refrigerat  Ice            56%        4d20      1%          7
d - Maxwell's Capacitive  Air            52%        ∞         1%          8
e - Freeze                Ice            100%       1d10      0%          1
h - Ozocubu's Armour      Ice            100%       N/A       0%          3
i - Summon Ice Beast      Ice/Summ       92%        N/A       1%          4
z - Polar Vortex          Ice            56%        12d7*     6%          9
Y - Blink                 Tloc           76%        N/A       1%          2

Your spell library contained the following spells:

 Spells                   Type           Power      Damage    Failure   Level
 Foxfire                  Conj/Fire      100%       2x1d9     0%          1
 Magic Dart               Conj           100%       1d8       0%          1
 Shock                    Conj/Air       100%       1d9       0%          1
 Scorch                   Fire           100%       2d9       0%          2
 Frozen Ramparts          Ice            100%       1d16      0%          3
 Hailstorm                Conj/Ice       100%       3d16      0%          3
 Swiftness                Air            100%       N/A       0%          3
 Airstrike                Air            52%        2d(8-24)  0%          4
 Apportation              Tloc           76%        N/A       1%          1
 Kiss of Death            Conj/Necr      100%       2d13      1%          1
 Necrotise                Necr           100%       1d9       1%          1
 Slow                     Hex            100%       N/A       1%          1
 Sting                    Conj/Alch      100%       1d9       1%          1
 Summon Small Mammal      Summ           100%       N/A       1%          1
 Call Imp                 Summ           100%       N/A       1%          2
 Cigotuvi's Dreadful Rot  Necr/Alch/Air  100%       N/A       1%          2
 Ensorcelled Hibernation  Hex/Ice        100%       N/A       1%          2
 Jinxbite                 Hex            76%        N/A       1%          2
 Lesser Beckoning         Tloc           76%        N/A       1%          2
 Mercury Vapours          Alch/Air       100%       N/A       1%          2
 Momentum Strike          Conj/Tloc      100%       3d10      1%          2
 Searing Ray              Conj           100%       2d8       1%          2
 Sublimation of Blood     Necr           38%        N/A       1%          2
 Call Canine Familiar     Summ           62%        N/A       1%          3
 Dazzling Flash           Conj/Hex       100%       N/A       1%          3
 Inner Flame              Hex/Fire       96%        N/A       1%          3
 Mephitic Cloud           Conj/Alch/Air  82%        N/A       1%          3
 Stone Arrow              Conj/Erth      100%       3d13      1%          3
 Summon Guardian Golem    Hex/Summ       52%        N/A       1%          3
 Volatile Blastmotes      Fire/Tloc      100%       2d18      1%          3
 Flame Wave               Conj/Fire      100%       2d21      1%          4
 Fulminant Prism          Conj/Alch      33%        3d16      1%          4
 Ignite Poison            Fire/Alch      96%        N/A       1%          4
 Iskenderun's Mystic Bla  Conj/Tloc      66%        2d14      1%          4
 Sticky Flame             Fire/Alch      96%        2d14      1%          4
 Summon Lightning Spire   Summ/Air       87%        N/A       1%          4
 Vhi's Electric Charge    Tloc/Air       100%       N/A       1%          4
 Fireball                 Conj/Fire      57%        3d22      1%          5
 Freezing Cloud           Conj/Ice/Air   51%        6-21      1%          5
 Metabolic Englaciation   Hex/Ice        42%        N/A       1%          5
 Silence                  Hex/Air        40%        N/A       1%          5
 Conjure Ball Lightning   Conj/Air       48%        3x3d17    1%          6
 Starburst                Conj/Fire      57%        6d15      1%          6
 Confusing Touch          Hex            38%        N/A       2%          3
 Fugue of the Fallen      Necr           38%        N/A       2%          3
 Gell's Gravitas          Tloc           38%        N/A       2%          3
 Sigil of Binding         Hex            38%        N/A       2%          3
 Teleport Other           Tloc           38%        N/A       2%          3
 Tukima's Dance           Hex            38%        N/A       2%          3
 Vampiric Draining        Necr           38%        2d8       2%          3
 Olgreb's Toxic Radiance  Alch           38%        N/A       2%          4
 Simulacrum               Ice/Necr       42%        N/A       2%          6
 Animate Armour           Summ/Erth      100%       N/A       3%          4
 Orb of Destruction       Conj           42%        9d12      3%          7
 Bombard                  Conj/Erth      33%        9d6       4%          6
 Lee's Rapid Deconstruct  Erth           19%        3d11*     6%          5
 Yara's Violent Unravell  Hex/Alch       19%        3d9       6%          5
 Anguish                  Hex/Necr       19%        N/A       9%          4
 Animate Dead             Necr           38%        N/A       9%          4
 Cause Fear               Hex            19%        N/A       9%          4
 Dimensional Bullseye     Hex/Tloc       19%        N/A       9%          4
 Dispel Undead            Necr           38%        3d16      9%          4
 Leda's Liquefaction      Alch/Erth      19%        N/A       9%          4
 Manifold Assault         Tloc           38%        N/A       9%          4
 Passage of Golubria      Tloc           38%        N/A       9%          4
 Petrify                  Alch/Erth      38%        N/A       9%          4
 Spellforged Servitor     Conj/Summ      37%        N/A       10%         7
 Summon Forest            Summ/Tloc      26%        N/A       11%         5
 Summon Mana Viper        Hex/Summ       52%        N/A       11%         5
 Agony                    Necr           38%        N/A       22%         5
 Borgnjor's Vile Clutch   Necr/Erth      19%        N/A       22%         5
 Summon Cactus Giant      Summ           31%        N/A       24%         6
 Eringya's Noxious Bog    Alch           19%        4d6       28%         6
 Chain Lightning          Conj/Air       48%        3d64      54%         9
 Fire Storm               Conj/Fire      57%        8d15      69%         9
 Death Channel            Necr           19%        N/A       75%         6
 Dispersal                Tloc           19%        N/A       75%         6
 Monstrous Menagerie      Summ           31%        N/A       77%         7
 Summon Hydra             Summ           31%        N/A       77%         7
 Lehudib's Crystal Spear  Conj/Erth      33%        10d8      77%         8
 Malign Gateway           Summ/Tloc      26%        N/A       95%         7
 Enfeeble                 Hex            19%        N/A       99%         7
 Shatter                  Erth           19%        3d17*     99%         9
 Disjunction              Tloc           19%        N/A       100%        8
 Infestation              Necr           19%        N/A       100%        8
 Summon Horrible Things   Summ           31%        N/A       100%        8
 Death's Door             Necr           19%        N/A       100%        9


Dungeon Overview and Level Annotations

Branches:
Dungeon (15/15)            Temple (1/1) D:6            Lair (5/5) D:9
 Shoals (4/4) Lair:2       Spider (4/4) Lair:2        Slime (5/5) Lair:4
    Orc (2/2) D:11            Elf (3/3) Orc:2        Vaults (5/5) D:13
  Crypt (3/3) Vaults:2       Tomb (0/3) Crypt:3      Depths (4/4) D:15
    Zot (5/5) Depths:4      IceCv (visited)         Gauntlet (visited)

Altars:
Ashenzari
Cheibriados
Dithmenos
Elyvilon
Fedhas
Gozag
Hepliaklqana
Kikubaaqudgha
Makhleb
Nemelex Xobeh
Okawaru
Qazlal
Ru
Sif Muna
Trog
Uskayaw
Vehumet
Wu Jian
Xom
Yredelemnul
Zin
The Shining One
Jiyva

Shops:
D:8 =   D:13 [   Orc:1 ?   Orc:2 **=([   Shoals:1 *   Shoals:2 *   Vaults:2 [
Vaults:4 =   Vaults:5 (   Depths:1 ==:   Depths:2 =*

Portals:
Hell: Depths:1 Depths:2 Depths:3 Depths:4
Abyss: Depths:1 Depths:3
Pandemonium: Depths:2 Depths:3 Depths:4
Ziggurat: Depths:2

Annotations:
D:14 Roxanne
Shoals:2 1 runed translucent door, exclusion: door, Ytibbon's ghost, adept FoFi
Elf:2 4 runed translucent doors, exclusion: 2 doors, topfpfpflanze's ghost, journeyman FeFi
Vaults:1 1 runed translucent door, exclusion: door, rgbqcd's ghost, veteran MiBe
Depths:4 6 runed translucent doors
Zot:5 exclusion: orange crystal statue


Innate Abilities, Weirdness & Mutations

You are amphibious.
You cover ground slowly.
You can hop long distances.
You have an extended range of vision and can be seen from far away.
Your body sometimes deteriorates upon taking damage.
You are dopey. (Int -2)


Message History

Casting: Plasma Beam (safe; 1% risk of failure)
Confirm with . or Enter, or press ? or * to list all spells.
Casting: Plasma Beam (safe; 1% risk of failure)
Press: ? - help, Dir - look around, f - activate You feel a surge of power!
The bolt of lightning hits the sixfirhy.
The sixfirhy completely resists.
The fiery plasma hits the sixfirhy!!
The sixfirhy is heavily wounded.
A sixfirhy comes into view.
The sixfirhy moves out of view.
Casting: Plasma Beam (safe; 1% risk of failure)
Confirm with . or Enter, or press ? or * to list all spells.
Casting: Plasma Beam (safe; 1% risk of failure)
Press: ? - help, Dir - look around, f - activate You feel a surge of power!
The bolt of lightning misses the sixfirhy.
The fiery plasma hits the sixfirhy!!!
You kill the sixfirhy!
Vehumet accepts your kill.
You feel your power returning.
(D) Dungeon (T) Temple (L) Lair (A) Shoals (N) Spider Nest (M) Slime Pits (O) Orcish Mines (E) Elven Halls (V) Vaults (C) Crypt (W) Tomb (U) Depths (H) Hell (Z) Zot
Where to? (Tab/Enter - D:1 @ (x,y), ? - help)
You hear a grinding noise.
Some rock shatters into small pieces.
A toenail golem comes into view.
There is a stone staircase leading up here.
Casting: Plasma Beam (safe; 1% risk of failure)
Confirm with . or Enter, or press ? or * to list all spells.
Casting: Plasma Beam (safe; 1% risk of failure)
Press: ? - help, Dir - look around, f - activate You feel a surge of power!
The bolt of lightning hits the toenail golem!!
The toenail golem resists.
The toenail golem is heavily damaged.
The fiery plasma hits the toenail golem!
The toenail golem resists.
The toenail golem is severely damaged.
You hear a shout!
Casting: Plasma Beam (safe; 1% risk of failure)
Confirm with . or Enter, or press ? or * to list all spells.
Casting: Plasma Beam (safe; 1% risk of failure)
Press: ? - help, Dir - look around, f - activate You feel a surge of power!
The bolt of lightning hits the toenail golem!
The toenail golem resists.
The toenail golem is almost destroyed.
The fiery plasma hits the toenail golem!!!
The toenail golem resists.
You destroy the toenail golem!
Vehumet accepts your kill.
Your Armour skill increases to level 17!
(D) Dungeon (T) Temple (L) Lair (A) Shoals (N) Spider Nest (M) Slime Pits (O) Orcish Mines (E) Elven Halls (V) Vaults (C) Crypt (W) Tomb (U) Depths (H) Hell (Z) Zot
Where to? (Tab/Enter - D:1 @ (x,y), ? - help)
You climb upwards.
There is a stone staircase leading down here.
A blizzard demon comes into view.
Casting: Plasma Beam (safe; 1% risk of failure)
Confirm with . or Enter, or press ? or * to list all spells.
Casting: Plasma Beam (safe; 1% risk of failure)
Press: ? - help, Dir - look around, f - activate You feel a surge of power!
The bolt of lightning hits the blizzard demon.
The blizzard demon completely resists.
The fiery plasma misses the blizzard demon.
Casting: Plasma Beam (safe; 1% risk of failure)
Confirm with . or Enter, or press ? or * to list all spells.
Casting: Plasma Beam (safe; 1% risk of failure)
Press: ? - help, Dir - look around, f - activate You feel a surge of power!
The bolt of lightning misses the blizzard demon.
The fiery plasma misses the blizzard demon.
Casting: Plasma Beam (safe; 1% risk of failure)
Confirm with . or Enter, or press ? or * to list all spells.
Casting: Plasma Beam (safe; 1% risk of failure)
Press: ? - help, Dir - look around, f - activate You feel a surge of power!
The bolt of lightning hits the blizzard demon.
The blizzard demon completely resists.
The fiery plasma hits the blizzard demon!!!!
The blizzard demon is burned terribly!
You kill the blizzard demon!
Vehumet accepts your kill.
You feel your power returning.
There is an open door here.
A Tienuop, a sixfirhy and a blizzard demon come into view.
The blizzard demon shouts!
The blizzard demon gestures at you. The freezing blast misses you.
You are engulfed in freezing vapours.
You resist. The blizzard demon gestures at you. The bolt of cold misses you.
There is a staircase leading out of the dungeon here.
You are engulfed in freezing vapours.
You resist.
HP restored.
You have escaped!

########
#.#..####.....#.####### ...#
#####.##....'#...##.#......
...#
#.....#####..#####..#.#####
...# #.....# ##........#.# #
...####.....#### #......#.#.#
#
...#..'....&.3'###'..#..###.#
# ...#.##......##2°.##.#..#
#.# #
...#.##......#.○°○.#.#..#
#.#####
.....##......#..@°.#.#..#
#......
.....##......#..°..#.#..#
#######
.....##......##...##>#..# #
.....##......#######.#.## #
.....#####...# #.#.# # ####.#
#...# #...# # #.# #####
#.#.########## #.#
#.#........... #.#
#.############


You could see a blizzard demon.

Vanquished Creatures
  the Royal Jelly (Slime:5)
  7 dread liches
  6 orbs of fire
  7 ancient liches
  Mara (Depths:1)
  3 juggernauts
  Mennas (Vaults:3)
  The ghost of Switch the Slayer, a veteran DDFi of Makhleb (Vaults:3)
  A pandemonium lord (D:12)
  Boris (Vaults:1)
  Parghit (Zot:2)
  Vv (Depths:3)
  Bai Suzhen (Vaults:3)
  2 Killer Klowns (Zot:5)
  Saint Roka (Elf:3)
  A caustic shrike (Depths:3)
  2 curse toes (Zot:2)
  11 golden dragons
  2 bone dragons
  Jory (Depths:4)
  Arachne (Spider:4)
  Norris (Vaults:3)
  4 electric golems
  14 tentacled monstrosities
  A Tzitzimitl (D:6)
  2 Ice Fiends
  Mlioglotl (Shoals:4)
  24 Orb Guardians
  12 liches
  2 deep elf blademasters (Elf:3)
  24 acid blobs
  A walking frostbound tome (Depths:3)
  4 quicksilver dragons
  2 deep elf master archers (Elf:3)
  5 titans (Vaults:5)
  5 sphinxes
  Polyphemus (Shoals:3)
  4 death cobs
  A kraken (Shoals:4)
  4 tengu reavers
  A revenant (Crypt:2)
  Agnes (Spider:4)
  12 shadow dragons
  8 azure jellies
  2 protean progenitors (Zot:2)
  9 fire giants
  10 storm dragons
  10 rockslimes
  5 draconian monks
  6 draconian knights
  12 frost giants
  2 draconian shifters
  8 deep elf sorcerers
  2 juggernaut zombies
  16 vault wardens
  The ghost of Buus the Warrior, a journeyman MiFi of Okawaru (Lair:4)
  2 iron dragons (Vaults:5)
  3 draconian scorchers
  6 ghost moths
  An angel (Shoals:4)
  2 orc warlords
  4 emperor scorpions (Spider:4)
  4 reapers
  6 deep elf elementalists
  A draconian stormcaller (Zot:2)
  22 ironbound preservers
  10 ghouls (Crypt:2)
  A caustic shrike skeleton (Crypt:2)
  2 demonspawn corrupters (Zot:4)
  4 draconian annihilators
  2 cacodemons
  5 spriggan defenders
  14 quicksilver oozes
  8 stone giants
  5 broodmothers
  7 deep elf demonologists
  6 ironbound thunderhulks
  5 formless jellyfish
  12 green draconians
  9 vampire knights
  An apis (Shoals:4)
  22 very ugly things
  A dire elephant (Vaults:2)
  4 war gargoyles (Crypt:3)
  9 deep elf annihilators
  6 deep elf death magi
  9 spark wasps
  7 red draconians
  16 white draconians
  6 black draconians
  6 purple draconians
  A minotaur (Gauntlet)
  11 yellow draconians
  Azrael (Orc:2)
  10 merfolk impalers
  13 ettins
  6 merfolk javelineers (Shoals:4)
  A blizzard demon (D:1)
  2 eidola
  A green death (Depths:1)
  4 deep elf high priests
  3 crystal guardians (Crypt:3)
  13 jiangshi
  8 fire dragons
  2 entropy weavers
  10 great orbs of eyes
  10 yaktaur captains
  11 ice dragons
  A quicksilver dragon skeleton (Crypt:3)
  2 jorogumos
  A spriggan skeleton (Depths:1)
  29 vault guards
  Fannar (D:12)
  A peacekeeper (Vaults:1)
  3 catoblepae
  4 rakshasas
  4 spriggan air magi
  3 ogre magi
  6 hydras
  An anaconda (shapeshifter) (Vaults:5)
  6 ironbound frosthearts
  13 centaur warriors
  2 radroaches
  10 boulder beetles
  5 merfolk aquamancers
  15 two-headed ogres
  3 death knights
  3 merfolk avatars
  A satyr (Shoals:4)
  2 hell hogs (Lair:5)
  11 deep troll shamans
  4 orc high priests
  4 demonic crawlers
  9 death yaks
  5 tengu warriors
  2 occultists
  A titan zombie (Crypt:3)
  20 dancing weapons
  9 deep troll earth magi
  7 spriggan berserkers
  10 deep elf knights
  6 vampire magi
  A shock serpent (shapeshifter) (Depths:4)
  21 hell knights
  2 spriggans (Depths:2)
  A golden dragon zombie (Crypt:3)
  Nergalle (D:11)
  A shadow wraith (Crypt:2)
  5 sixfirhies
  A titan skeleton (Crypt:3)
  20 skeletal warriors
  6 iron trolls
  4 glowing orange brains
  7 sea snakes
  3 skysharks
  The ghost of hitsuchi the Basher, a novice OnBe of Trog (D:5)
  A bunyip zombie (Crypt:3)
  A shadow demon (Zot:4)
  A deep troll (shapeshifter) (Elf:3)
  7 pharaoh ants
  3 cherubim (Shoals:4)
  9 orb spiders
  2 flayed ghosts
  An orb spider (shapeshifter) (D:15)
  8 large abominations (Depths:1)
  A glowing orange brain (shapeshifter) (Depths:3)
  13 phantasmal warriors
  An anaconda zombie (Crypt:3)
  13 lindwurms
  67 deep trolls
  A tengu zombie (Depths:1)
  A bog body (Crypt:2)
  4 steelbarb worms
  4 arcanists
  A shadow dragon zombie (Crypt:3)
  2 orange crystal statues
  An obsidian statue (D:12)
  11 ironbound convokers
  13 deep elf archers
  20 deep elf zephyrmancers
  14 harpies
  A harpy (shapeshifter) (D:14)
  24 deep elf pyromancers
  7 orc sorcerers
  12 necromancers
  13 orc knights
  5 shining eyes
  3 fauns (Shoals:3)
  A mana viper (shapeshifter) (Depths:2)
  A stone giant zombie (Vaults:1)
  23 wolf spiders
  An eleionoma zombie (Crypt:2)
  A manticore (shapeshifter) (D:15)
  9 cyclopes
  9 merfolk sirens
  27 ugly things
  10 manticores
  7 elephants
  A frost giant skeleton (Vaults:1)
  7 meliai
  A toenail golem (D:2)
  3 black mambas
  A moth of wrath (shapeshifter) (Vaults:5)
  4 kobold blastminers
  2 ice statues (IceCv)
  22 vault sentinels
  24 moths of wrath
  3 centaur zombies (D:13)
  A centaur skeleton (D:13)
  3 orange demons
  7 water nymphs
  A torpor snail (shapeshifter) (Depths:1)
  3 torpor snails
  2 gargoyles (D:13)
  5 eyes of devastation
  9 cane toads
  2 molten gargoyles (Lair:5)
  Maggie (D:7)
  2 smoke demons
  9 unseen horrors
  5 rime drakes
  A yaktaur zombie (Vaults:1)
  13 komodo dragons
  38 yaktaurs
  5 ice devils (IceCv)
  An alligator snapping turtle skeleton (Crypt:2)
  2 kobold demonologists (D:11)
  A tormentor (Depths:4)
  2 human zombies (Vaults:1)
  8 tengu conjurers
  12 freezing wraiths
  2 anaconda simulacra (IceCv)
  A purple draconian skeleton (Crypt:2)
  3 polar bears (Orc:1)
  A white draconian skeleton (Crypt:1)
  6 trolls
  2 harpy zombies (Crypt:3)
  A merfolk (shapeshifter) (Depths:4)
  19 merfolk
  6 hornets
  6 wind drakes
  20 tarantellas
  A harpy skeleton (Crypt:3)
  12 dream sheep
  Prince Ribbit (D:7)
  An ettin zombie (Crypt:2)
  2 glass eyes
  5 snapping turtles
  10 blink frogs
  96 slime creatures
  A centaur simulacrum (D:13)
  26 jumping spiders
  9 wyverns
  Sigmund (D:4)
  A culicivora (shapeshifter) (Depths:2)
  A jumping spider (shapeshifter) (Vaults:5)
  7 wraiths
  2 shadows
  28 culicivoras
  13 water elementals
  2 air elementals
  4 fire bats (Lair:1)
  A nameless horror (D:9)
  47 yaks
  A vampire (D:10)
  10 fire elementals
  6 wargs
  7 basilisks
  Grum (D:9)
  A redback (shapeshifter) (Vaults:5)
  18 golden eyes
  2 vampire mosquitoes (D:10)
  56 redbacks
  5 steam dragons
  A swamp worm (shapeshifter) (Vaults:5)
  A harpy simulacrum (IceCv)
  12 water moccasins
  3 hell hounds (Lair:5)
  A demonspawn skeleton (Crypt:1)
  A human skeleton (Depths:1)
  A snapping turtle zombie (Crypt:1)
  35 orc warriors
  A black bear (Lair:1)
  An ice beast (D:5)
  2 sky beasts (D:7)
  A black bear (shapeshifter) (Elf:1)
  A sky beast (shapeshifter) (Vaults:5)
  11 ogres
  4 boggarts (D:15)
  22 wolves
  12 centaurs
  18 laughing skulls (Crypt:3)
  2 kobold brigands
  3 earth elementals
  A gnoll sergeant (D:9)
  11 necrophages
  A draconian skeleton (Crypt:2)
  A scorpion (shapeshifter) (D:13)
  9 bullfrogs
  A cane toad simulacrum (IceCv)
  7 scorpions
  3 small abominations (Depths:1)
  A two-headed ogre simulacrum (IceCv)
  A water moccasin zombie (Crypt:1)
  9 wights
  3 killer bees (D:9)
  3 elephant simulacra (IceCv)
  4 howler monkeys
  7 electric eels
  5 lava snakes (Lair:5)
  26 orc priests
  Crazy Yiuf (D:4)
  A bombardier beetle (D:5)
  An iron imp (D:5)
  4 jellies (Lair:4)
  A sleepcap (D:4)
  3 iguanas (D:5)
  47 orc wizards
  2 spriggan simulacra (IceCv)
  2 troll simulacra (IceCv)
  A killer bee zombie (Crypt:1)
  A wolf simulacrum (IceCv)
  A hound skeleton (Crypt:2)
  6 adders
  8 gnolls
  A swamp drake zombie (Crypt:2)
  3 naga simulacra (IceCv)
  4 white imps
  2 shadow imps (Gauntlet)
  12 ufetubi
  A jelly zombie (Crypt:1)
  2 iguana skeletons (Crypt:1)
  3 worms
  2 dart slugs
  82 orcs
  10 endoplasms
  4 giant cockroaches
  9 goblins
  6 hobgoblins
  2 jackals (D:2)
  A quokka (D:4)
  4 ball pythons
  4 bats
  An endoplasm zombie (Crypt:1)
  2 frilled lizards (D:1)
  9 kobolds
  10 rats
  2 tentacles (Shoals:4)
2364 creatures vanquished.

Vanquished Creatures (collateral kills)
  Nikola (Shoals:4)
  A sphinx (Vaults:2)
  An orc warlord (Vaults:2)
  A deep elf high priest (Vaults:5)
  A two-headed ogre (D:9)
  An orc knight (Vaults:2)
  A cyclops (Shoals:4)
  A snapping turtle (Shoals:4)
  3 yaks (D:9)
  An orc priest (D:7)
  An orc wizard (D:9)
  A gnoll (D:9)
  2 ufetubi (Gauntlet)
16 creatures vanquished.

Vanquished Creatures (others)
  A shadow (D:7)
  An orc (D:7)
  2 tentacles (Shoals:4)
4 creatures vanquished.

Grand Total: 2384 creatures vanquished

Notes
Turn   | Place    | Note
-------+----------+-------------------------------------------
     0 | D:1      | EnegeticOcto the Barachi Ice Elementalist began the quest
                  | for the Orb.
     0 | D:1      | Reached XP level 1. HP: 13/13 MP: 3/3
   127 | D:1      | Found a faded altar of an unknown god.
   166 | D:1      | Reached skill level 2 in Stealth
   307 | D:1      | Reached XP level 2. HP: 19/19 MP: 3/5
   962 | D:2      | Reached skill level 3 in Stealth
  1039 | D:2      | Reached skill level 1 in Fighting
  1039 | D:2      | Reached skill level 5 in Ice Magic
  1039 | D:2      | Reached XP level 3. HP: 25/26 MP: 0/6
  1101 | D:2      | Learned a level 3 spell: Frozen Ramparts
  1574 | D:2      | Reached XP level 4. HP: 32/32 MP: 3/7
  1935 | D:2      | Learned a level 3 spell: Ozocubu's Armour
  2167 | D:3      | Reached skill level 6 in Ice Magic
  2237 | D:3      | Reached skill level 2 in Fighting
  2237 | D:3      | Reached skill level 1 in Shields
  2237 | D:3      | Reached XP level 5. HP: 39/39 MP: 2/8
  2851 | D:4      | Reached skill level 2 in Shields
  2910 | D:4      | Reached skill level 3 in Fighting
  2992 | D:4      | Reached skill level 3 in Shields
  2992 | D:4      | Reached XP level 6. HP: 48/48 MP: 2/9
  3082 | D:4      | Reached skill level 4 in Fighting
  3221 | D:4      | Reached skill level 3 in Spellcasting
  3315 | D:4      | Noticed Sigmund
  3371 | D:4      | Killed Sigmund
  3372 | D:4      | Reached skill level 7 in Ice Magic
  3372 | D:4      | Reached XP level 7. HP: 28/54 MP: 2/12
  3485 | D:4      | Reached skill level 4 in Spellcasting
  3923 | D:4      | Found a runed translucent door.
  3924 | D:4      | Noticed Crazy Yiuf
  4287 | D:5      | Entered Level 5 of the Dungeon
  4414 | D:5      | Reached skill level 8 in Ice Magic
  4571 | D:5      | Reached XP level 8. HP: 60/60 MP: 9/14
  4583 | D:5      | Reached skill level 9 in Ice Magic
  4588 | D:5      | Learned a level 4 spell: Summon Ice Beast
  4706 | D:5      | Reached skill level 1 in Summonings
  4713 | D:5      | Found a transporter.
  4743 | D:5      | Found a transporter.
  4862 | D:5      | Learned a level 2 spell: Blink
  4888 | D:5      | Noticed hitsuchi's ghost (novice OnBe)
  5114 | D:5      | Reached skill level 5 in Fighting
  5114 | D:5      | Reached skill level 2 in Summonings
  5252 | D:6      | Found a snail-covered altar of Cheibriados.
  5437 | D:5      | Reached skill level 5 in Spellcasting
  5450 | D:6      | Found a staircase to the Ecumenical Temple.
  5475 | D:5      | Reached skill level 3 in Summonings
  5579 | D:5      | Reached skill level 6 in Fighting
  5635 | D:6      | Reached XP level 9. HP: 65/69 MP: 17/17
  5649 | D:5      | Reached skill level 4 in Summonings
  5699 | Temple   | Entered the Ecumenical Temple
  5729 | Temple   | Became a worshipper of Vehumet
  5773 | D:6      | Identified the +9 whip "Capnugucs" {freeze, rN+ Str-2 SInv}
  5795 | D:6      | Identified the +1 cloak "Inau" {Rampage rPois rF+ rC+}
  5864 | D:6      | Learned a level 6 spell: Plasma Beam
  5984 | D:6      | Reached skill level 1 in Fire Magic
  5984 | D:6      | Reached skill level 1 in Air Magic
  5990 | D:6      | Reached skill level 6 in Spellcasting
  6036 | D:6      | Found the +1 Delatra's gloves {ID++}
  6317 | D:7      | Noticed Maggie
  6323 | D:7      | Killed Maggie
  6324 | D:7      | Reached skill level 7 in Fighting
  6324 | D:7      | Reached skill level 2 in Fire Magic
  6324 | D:7      | Reached skill level 2 in Air Magic
  6468 | D:7      | Noticed Prince Ribbit
  6474 | D:7      | Killed Prince Ribbit
  6475 | D:7      | Reached skill level 3 in Fire Magic
  6475 | D:7      | Reached skill level 3 in Air Magic
  6475 | D:7      | Reached skill level 1 in Evocations
  6635 | D:7      | Reached * piety under Vehumet
  6635 | D:7      | Offered knowledge of Kiss of Death by Vehumet.
  6762 | D:7      | Reached skill level 2 in Evocations
  7056 | D:7      | Reached XP level 10. HP: 75/80 MP: 20/20
  7082 | D:7      | Reached skill level 7 in Spellcasting
  7082 | D:7      | Reached skill level 4 in Fire Magic
  7082 | D:7      | Reached skill level 4 in Air Magic
  7083 | D:7      | Reached skill level 8 in Fighting
  7083 | D:7      | Reached skill level 3 in Evocations
  7873 | D:8      | Found Ystam's Jewellery Shop.
  8011 | D:9      | Noticed Grum
  8015 | D:9      | Noticed a two-headed ogre
  8022 | D:8      | Reached skill level 4 in Evocations
  8112 | D:8      | Reached skill level 5 in Fire Magic
  8112 | D:8      | Reached skill level 5 in Air Magic
  8149 | D:9      | Killed a two-headed ogre
  8159 | D:9      | Reached skill level 8 in Spellcasting
  8307 | D:9      | Killed Grum
  8361 | D:9      | Reached skill level 6 in Fire Magic
  8408 | D:9      | Found a staircase to the Lair.
  8423 | D:9      | Reached skill level 6 in Air Magic
  8439 | D:9      | Noticed a two-headed ogre
  8452 | D:9      | Killed a two-headed ogre
  8453 | D:9      | Reached XP level 11. HP: 74/86 MP: 14/23
  8457 | D:9      | Offered knowledge of Static Discharge by Vehumet.
  8460 | D:9      | Reached ** piety under Vehumet
  8461 | D:9      | Reached skill level 7 in Fire Magic
  8463 | D:9      | Reached skill level 7 in Air Magic
  8585 | D:9      | Reached skill level 9 in Spellcasting
  9191 | D:9      | Noticed a two-headed ogre
  9207 | D:9      | Offered knowledge of Volatile Blastmotes by Vehumet.
  9212 | D:9      | Killed a two-headed ogre
  9323 | D:10     | Entered Level 10 of the Dungeon
  9344 | D:10     | Found a large runed translucent door.
  9344 | D:10     | Found a large runed translucent door.
  9489 | D:10     | Reached skill level 8 in Fire Magic
  9489 | D:10     | Reached skill level 8 in Air Magic
  9491 | D:10     | Reached *** piety under Vehumet
 10145 | D:10     | Paralysed by an air elemental for 1 turns
 10148 | D:10     | Paralysed by an air elemental for 1 turns
 10151 | D:10     | Paralysed by an air elemental for 1 turns
 10175 | D:10     | Paralysed by an air elemental for 1 turns
 10178 | D:10     | Paralysed by an air elemental for 1 turns
 10412 | Lair:1   | Entered Level 1 of the Lair of Beasts
 10424 | Lair:1   | Reached skill level 10 in Spellcasting
 10426 | Lair:1   | Offered knowledge of Hailstorm by Vehumet.
 10445 | Lair:1   | Learned a level 3 spell: Hailstorm
 10452 | Lair:1   | Reached skill level 9 in Fire Magic
 10452 | Lair:1   | Reached skill level 9 in Air Magic
 10546 | Lair:1   | Reached XP level 12. HP: 84/92 MP: 26/26
 10576 | Lair:1   | Found a gate leading to a gauntlet.
 10597 | Gauntlet | Entered a Gauntlet
 10597 | Gauntlet | Found a transporter.
 10697 | Gauntlet | Found a transporter.
 10698 | Gauntlet | Found a transporter.
 10699 | Gauntlet | Found a transporter.
 10708 | Gauntlet | Found a transporter.
 10712 | Gauntlet | Found a transporter.
 10712 | Gauntlet | Found a transporter.
 10720 | Gauntlet | Found a transporter.
 10723 | Gauntlet | Found a transporter.
 10724 | Gauntlet | Found a transporter.
 10734 | Gauntlet | Found a transporter.
 10735 | Gauntlet | Found a transporter.
 10736 | Gauntlet | Found a transporter.
 10748 | Gauntlet | Found a transporter.
 10936 | Gauntlet | Identified the +8 quarterstaff of Weefela {freeze, rF+
                  | Str+2}
 10952 | Gauntlet | Reached skill level 10 in Fire Magic
 11068 | Gauntlet | Noticed a minotaur
 11073 | Gauntlet | Killed a minotaur
 11074 | Gauntlet | Reached skill level 10 in Air Magic
 11176 | Lair:1   | Reached **** piety under Vehumet
 11425 | Lair:1   | Noticed a six-headed hydra
 11427 | Lair:1   | Killed a six-headed hydra
 12121 | Lair:2   | Offered knowledge of Fireball by Vehumet.
 12128 | Lair:2   | Learned a level 5 spell: Fireball
 12226 | Lair:2   | Reached skill level 11 in Fire Magic
 12226 | Lair:2   | Reached skill level 11 in Air Magic
 12231 | Lair:2   | Noticed a five-headed hydra
 12233 | Lair:2   | Killed a five-headed hydra
 12733 | Lair:2   | Found a staircase to the Shoals.
 12793 | Lair:2   | Found a hole to the Spider Nest.
 13214 | Lair:3   | Noticed a boulder beetle
 13259 | Lair:3   | Reached skill level 4 in Shields
 13862 | Lair:3   | Gained mutation: You can hop long distances. [Barachi
                  | growth]
 13862 | Lair:3   | Reached XP level 13. HP: 90/98 MP: 3/27
 13869 | Lair:3   | Reached skill level 5 in Shields
 14680 | Lair:4   | Found a transporter.
 14680 | Lair:4   | Found a transporter.
 14725 | Lair:4   | Noticed Buus's ghost (journeyman MiFi)
 15453 | Lair:4   | Reached skill level 12 in Fire Magic
 15453 | Lair:4   | Reached skill level 12 in Air Magic
 15455 | Lair:4   | Reached skill level 6 in Shields
 15455 | Lair:4   | Reached skill level 11 in Spellcasting
 16028 | Lair:4   | Found a staircase to the Slime Pits.
 16029 | Lair:4   | Found a viscous altar of Jiyva.
 16659 | Lair:5   | Entered Level 5 of the Lair of Beasts
 18605 | Lair:5   | Identified the +0 arbalest "Itsoqou" {heavy, rElec rF- rC+
                  | Int+4}
 18660 | Lair:5   | Reached skill level 13 in Air Magic
 18689 | Lair:5   | Reached skill level 13 in Fire Magic
 18850 | Lair:5   | Found a radiant altar of Vehumet.
 18923 | Lair:5   | Reached skill level 12 in Spellcasting
 19004 | Lair:5   | Reached XP level 14. HP: 105/105 MP: 24/30
 19827 | Lair:5   | Found a large runed translucent door.
 19827 | Lair:5   | Found a large runed translucent door.
 19947 | Lair:5   | Identified the staff of Butocvaga {rF+ rN+ Dex+3 Fire}
 20485 | D:11     | Found a staircase to the Orcish Mines.
 20862 | D:11     | Noticed Nergalle
 20863 | D:11     | Killed Nergalle
 20863 | D:11     | Reached ***** piety under Vehumet
 20934 | D:11     | Offered knowledge of Ozocubu's Refrigeration by Vehumet.
 20953 | D:11     | Learned a level 7 spell: Ozocubu's Refrigeration
 22276 | D:12     | Identified the +4 spear "Ryem" {vamp, rPois Str+5 Dex+4}
 22276 | D:12     | Noticed Fannar
 22284 | D:12     | Killed Fannar
 22350 | D:13     | Reached skill level 10 in Ice Magic
 22587 | D:13     | Reached skill level 11 in Ice Magic
 22812 | D:13     | Found a gate to the Vaults.
 22989 | D:13     | Reached skill level 12 in Ice Magic
 23434 | D:13     | Found Cidy's Armour Boutique.
 23756 | D:13     | Reached skill level 13 in Ice Magic
 24274 | D:14     | Noticed Roxanne
 24322 | D:14     | Found a shimmering altar of Xom.
 24325 | D:14     | Found a sparkling altar of Nemelex Xobeh.
 24325 | D:14     | Found a blossoming altar of Fedhas.
 24326 | D:14     | Found a hide-covered altar of Uskayaw.
 24326 | D:14     | Found a broken altar of Ashenzari.
 24326 | D:14     | Found a broken altar of Ashenzari.
 24368 | D:14     | Offered knowledge of Freezing Cloud by Vehumet.
 24369 | D:14     | Reached XP level 15. HP: 110/110 MP: 15/31
 25110 | D:14     | Reached skill level 14 in Ice Magic
 25114 | D:14     | Noticed a frost giant
 25302 | D:14     | Identified the +4 long sword "Beastbane" {venom, Fly rF+
                  | SInv}
 25306 | D:14     | Noticed a fire giant
 25311 | D:14     | Killed a fire giant
 25496 | D:14     | Noticed a sphinx
 25498 | D:14     | Killed a sphinx
 25932 | D:14     | Killed a frost giant
 25989 | D:14     | Identified the staff of Dithmenos's Reproof {rCorr Conj
                  | Fire Air}
 26122 | D:15     | Entered Level 15 of the Dungeon
 26273 | D:15     | Reached skill level 3 in Dodging
 26761 | D:15     | Reached skill level 13 in Spellcasting
 26900 | D:15     | Found a hazy altar of Hepliaklqana.
 26907 | D:15     | Learned a level 5 spell: Arcjolt
 27017 | D:15     | Found a sacrificial altar of Ru.
 27158 | D:15     | Reached skill level 4 in Dodging
 27322 | D:15     | Found a staircase to the Depths.
 27458 | D:13     | Reached skill level 14 in Air Magic
 27548 | Orc:1    | Entered Level 1 of the Orcish Mines
 27551 | Orc:1    | Reached skill level 14 in Fire Magic
 27552 | Orc:1    | Reached skill level 9 in Fighting
 27603 | Orc:2    | Entered Level 2 of the Orcish Mines
 27612 | Orc:1    | Found Resy's Magic Scroll Shoppe.
 27617 | Orc:1    | Bought a scroll of enchant armour for 105 gold pieces
 27617 | Orc:1    | Bought a scroll of teleportation for 42 gold pieces
 27686 | Orc:1    | Found a frozen archway.
 27715 | IceCv    | Entered an ice cave
 27860 | IceCv    | Offered knowledge of Orb of Destruction by Vehumet.
 28136 | IceCv    | Reached skill level 5 in Dodging
 28573 | IceCv    | Got Meugat Ohot's Treatise on Beguiling
 29058 | Orc:2    | Noticed Azrael
 29062 | Orc:2    | Killed Azrael
 29610 | Orc:2    | Found a staircase to the Elven Halls.
 29674 | Orc:2    | Found Gufir's General Store.
 29708 | Orc:1    | Reached XP level 16. HP: 121/121 MP: 23/33
 30209 | Orc:2    | Offered knowledge of Conjure Ball Lightning by Vehumet.
 30803 | Orc:2    | Found Cuq Huu's Assorted Antiques.
 30803 | Orc:2    | Found Axuff's Antique Armour Emporium.
 30803 | Orc:2    | Found Fadyuliv's Jewellery Shoppe.
 30901 | Orc:2    | Reached skill level 10 in Fighting
 31080 | Orc:2    | Found Geploit's Weapon Emporium.
 31087 | Orc:2    | Bought a scroll labelled GOEC OLEILE for 31 gold pieces
 31088 | Orc:2    | Acquired 663 gold pieces
 31094 | Orc:2    | Bought a glowing helmet for 247 gold pieces
 31105 | Orc:2    | Bought a pair of glowing boots for 247 gold pieces
 31261 | Orc:2    | Bought a scroll of fear for 56 gold pieces
 31261 | Orc:2    | Bought a scroll of immolation for 56 gold pieces
 31402 | D:8      | Bought the ring of the Hare {EV+10} for 1792 gold pieces
 31402 | D:8      | Found the ring of the Hare {EV+10}
 31524 | Shoals:1 | Entered Level 1 of the Shoals
 31616 | Shoals:1 | Found Peju's General Store.
 31850 | Shoals:1 | Reached skill level 6 in Dodging
 32975 | Shoals:2 | Found Wourghirr's Assorted Antiques.
 33595 | Shoals:2 | Found a runed translucent door.
 33597 | Shoals:2 | Noticed Ytibbon's ghost (adept FoFi)
 34182 | Shoals:2 | Reached skill level 14 in Spellcasting
 34381 | Shoals:2 | Reached skill level 7 in Dodging
 34784 | Shoals:3 | Reached skill level 11 in Fighting
 35712 | Shoals:3 | Reached skill level 8 in Dodging
 35833 | Shoals:4 | Entered Level 4 of the Shoals
 35838 | Shoals:4 | Offered knowledge of Eringya's Noxious Bog by Vehumet.
 36297 | Shoals:4 | Noticed Mlioglotl
 36300 | Shoals:4 | Reached skill level 12 in Fighting
 36574 | Shoals:4 | Reached XP level 17. HP: 127/133 MP: 19/35
 36574 | Shoals:4 | Killed Mlioglotl
 36690 | Shoals:4 | Noticed Polyphemus
 36698 | Shoals:3 | Killed Polyphemus
 36699 | Shoals:3 | Reached skill level 9 in Dodging
 36818 | Shoals:4 | Noticed Nikola
 37356 | Shoals:4 | Reached skill level 13 in Fighting
 37559 | Shoals:4 | Identified the ring "Degewk" {Ice Str+3}
 37561 | Shoals:4 | Reached skill level 10 in Dodging
 37848 | Shoals:4 | Killed Nikola
 38079 | Shoals:4 | Noticed a kraken
 38087 | Shoals:4 | Killed a kraken
 38278 | Shoals:4 | Identified the +2 helmet of Peyfileh {*Corrode Str+4 Dex+3
                  | Stlth+}
 38441 | Shoals:4 | Found a white marble altar of Elyvilon.
 38455 | Shoals:4 | Got the Disquisition on Production and Contamination
 38459 | Shoals:4 | Got a barnacled rune of Zot
 38515 | Shoals:4 | Reached skill level 14 in Fighting
 38603 | Shoals:4 | Reached skill level 11 in Dodging
 38701 | Shoals:4 | Found a glowing silver altar of Zin.
 38713 | Shoals:4 | Identified the death talisman "Veilit" {rElec rCorr Str+3}
 38757 | Shoals:4 | Found a glowing golden altar of the Shining One.
 38926 | Lair:1   | Learned a level 8 spell: Maxwell's Capacitive Coupling
 39003 | Spider:1 | Entered Level 1 of the Spider Nest
 39068 | Spider:1 | Reached skill level 1 in Armour
 39178 | Spider:1 | Reached skill level 1 in Conjurations
 39491 | Spider:1 | Reached skill level 2 in Armour
 39690 | Spider:1 | Reached skill level 2 in Conjurations
 40162 | Spider:1 | Reached ****** piety under Vehumet
 40639 | Spider:1 | Reached skill level 3 in Armour
 40881 | Spider:1 | Reached skill level 3 in Conjurations
 41998 | Spider:2 | Reached skill level 4 in Armour
 42145 | Spider:2 | Reached XP level 18. HP: 147/147 MP: 2/36
 42367 | Spider:2 | Reached skill level 4 in Conjurations
 42990 | Spider:2 | Offered knowledge of Lee's Rapid Deconstruction by Vehumet.
 43080 | Spider:2 | Reached skill level 5 in Armour
 43263 | Spider:2 | Reached skill level 12 in Dodging
 43970 | Spider:3 | Reached skill level 5 in Conjurations
 44360 | Spider:3 | Identified the +1 shortbow "Beast's Death Toll" {drain,
                  | rPois rC+ rN+ Str+3}
 44546 | Spider:3 | Reached skill level 6 in Armour
 45797 | Spider:3 | Reached skill level 6 in Conjurations
 46052 | Spider:4 | Entered Level 4 of the Spider Nest
 46177 | Spider:4 | Reached skill level 7 in Armour
 46540 | Spider:4 | Noticed Agnes
 46545 | Spider:4 | Killed Agnes
 46546 | Spider:4 | Noticed Arachne
 46655 | Spider:4 | Killed Arachne
 46656 | Spider:4 | Reached skill level 13 in Dodging
 46656 | Spider:4 | Reached skill level 7 in Conjurations
 47141 | Spider:4 | Reached skill level 8 in Armour
 47312 | Spider:4 | Offered knowledge of Ignition by Vehumet.
 48102 | Spider:4 | Reached skill level 8 in Conjurations
 48477 | Spider:4 | Got a gossamer rune of Zot
 48865 | Elf:1    | Entered Level 1 of the Elven Halls
 48868 | Elf:1    | Reached skill level 9 in Armour
 49295 | Elf:1    | Reached XP level 19. HP: 143/154 MP: 24/37
 49531 | Elf:1    | Reached skill level 5 in Evocations
 49970 | Elf:1    | Found a portal to a secret trove of treasure.
 50792 | Elf:2    | Reached skill level 14 in Dodging
 50959 | Elf:2    | Reached skill level 9 in Conjurations
 50977 | Elf:2    | Reached skill level 10 in Armour
 51202 | Elf:2    | Found a runed translucent door.
 51203 | Elf:2    | Found a shimmering altar of Xom.
 51203 | Elf:2    | Noticed topfpfpflanze's ghost (journeyman FeFi)
 51367 | Elf:2    | Offered knowledge of Fire Storm by Vehumet.
 51367 | Elf:2    | Offered knowledge of Chain Lightning by Vehumet.
 51367 | Elf:2    | Offered knowledge of Polar Vortex by Vehumet.
 51730 | Elf:2    | Reached skill level 6 in Evocations
 51931 | Elf:2    | Found a runed translucent gate.
 51932 | Elf:2    | Found a runed translucent gate.
 51932 | Elf:2    | Found a runed translucent gate.
 52234 | Elf:3    | Entered Level 3 of the Elven Halls
 52246 | Elf:3    | Noticed Saint Roka
 52396 | Elf:3    | Killed Saint Roka
 53771 | Elf:3    | Identified the +3 short sword of Zepsollu {freeze, *Slow
                  | rPois Dex+4}
 54061 | Elf:3    | Reached skill level 7 in Evocations
 54556 | Elf:3    | Reached skill level 11 in Armour
 54556 | Elf:3    | Reached skill level 10 in Conjurations
 54812 | Elf:3    | Identified the +3 morningstar "Goblinbane" {venom, Stlth+}
 55101 | Elf:3    | Identified the +7 double sword "Niurghoh" {antimagic,
                  | Int+3}
 55101 | Elf:3    | Identified the +4 acid dragon scales of Ojewep {rC+ rCorr}
 55101 | Elf:3    | Identified the ring "Heho" {rPois Str+3 Int+4 SInv}
 55375 | Elf:3    | Identified the +2 plate armour of the Nexus {Str+6 Dex-5}
 56039 | Elf:3    | Identified the +7 flail of Ideev {spect, Will+ rCorr}
 56042 | Elf:3    | Identified the ring of Xoeruaczed {rElec rC+ rCorr Dex+3}
 56045 | Elf:3    | Identified the +2 robe of Baldness {rN+ Str+8}
 56048 | Elf:3    | Reached skill level 15 in Air Magic
 56055 | Elf:3    | Reached skill level 15 in Spellcasting
 56061 | Elf:3    | Identified the +6 war axe of Basuc {drain, *Rage Will++
                  | Str+3}
 56061 | Elf:3    | Identified the ring of Vimugu {rPois Str+6 Int+3 Dex+5}
 56062 | Elf:3    | Reached XP level 20. HP: 141/161 MP: 39/39
 56063 | Elf:3    | Reached skill level 12 in Armour
 56067 | Elf:3    | Reached skill level 8 in Evocations
 56068 | Elf:3    | Reached skill level 15 in Dodging
 56303 | Elf:3    | Found the +3 giant club "Skullcrusher" {speed, Str+7}
 56735 | Vaults:1 | Entered Level 1 of the Vaults
 57029 | Shoals:2 | Bought a scroll of acquirement for 1872 gold pieces
 57029 | Shoals:2 | Acquired 712 gold pieces
 57031 | Shoals:2 | Bought a translucent scarf for 360 gold pieces
 57031 | Shoals:2 | Identified the scarf "Lamic" {+Inv, rF+} (You bought it in
                  | a shop on level 2 of the Shoals)
 57034 | Shoals:2 | Bought a scroll of teleportation for 108 gold pieces
 57905 | Vaults:1 | Noticed Boris
 57915 | Vaults:1 | Killed Boris
 57916 | Vaults:1 | Reached skill level 9 in Evocations
 58203 | Vaults:1 | Found a runed translucent door.
 58208 | Vaults:1 | Noticed rgbqcd's ghost (veteran MiBe)
 58582 | Vaults:1 | Reached skill level 16 in Air Magic
 58744 | Vaults:1 | Reached skill level 16 in Spellcasting
 58744 | Vaults:1 | Reached skill level 10 in Evocations
 59544 | Vaults:1 | Identified the amulet of Amorality {Regen+ Dex+2}
 59552 | Vaults:1 | Identified the +0 robe of the Stone Wall {rElec Str+4}
 59615 | Vaults:1 | Identified the ring "Iwne" {Str+2 Int+6}
 59624 | Vaults:1 | Identified the ring "Ybbejunwost" {rF+ rN+ Int+5 Dex+2}
 59633 | Vaults:1 | Identified the ring "Tiofaving" {*Slow rCorr EV+5 Dex+2}
 60399 | Vaults:2 | Found Ustrucle's Armour Boutique.
 60423 | Vaults:2 | Reached XP level 21. HP: 152/167 MP: 9/41
 60460 | Vaults:2 | Reached skill level 17 in Air Magic
 60763 | Vaults:2 | Reached skill level 17 in Spellcasting
 61111 | Vaults:2 | Identified the orb of Liberty {*Rage, rC- Str+5 Dex+3}
 61453 | Vaults:2 | Found a staircase to the Crypt.
 62319 | Vaults:2 | Reached skill level 18 in Spellcasting
 62504 | Vaults:2 | Got the Incunable of the Pneumatic Boulder
 62659 | Vaults:3 | Identified the flux talisman of Lakhlow {SInv}
 62737 | Vaults:3 | Identified the +0 tower shield "Raminog" {Will+ Int+4}
 62737 | Vaults:3 | Noticed Mennas
 63547 | Vaults:3 | Noticed Norris
 63553 | Vaults:3 | Killed Norris
 63554 | Vaults:3 | Reached skill level 19 in Spellcasting
 63560 | Vaults:3 | Noticed Bai Suzhen
 63749 | Vaults:3 | Killed Mennas
 63778 | Vaults:3 | You fall into a shaft and drop 1 floor!
 63934 | Vaults:4 | Acquired 540 gold pieces
 64829 | Vaults:4 | Found Miqethade's Jewellery Boutique.
 64853 | Vaults:4 | Bought the amulet "Xuc Zuz" {RegenMP ^Drain rF- Regen+
                  | Int+8} for 782 gold pieces
 64955 | Vaults:4 | Reached skill level 20 in Spellcasting
 64961 | Vaults:4 | Reached skill level 15 in Fighting
 65145 | Vaults:4 | Reached XP level 22. HP: 148/175 MP: 18/46
 65610 | Vaults:3 | Found a large runed translucent door.
 65611 | Vaults:3 | Found a large runed translucent door.
 65612 | Vaults:3 | Noticed Switch's ghost (veteran DDFi)
 66014 | Vaults:3 | Killed Bai Suzhen
 66199 | Vaults:3 | Killed Switch's ghost
 66200 | Vaults:3 | Reached skill level 16 in Fighting
 66200 | Vaults:3 | Reached skill level 1 in Throwing
 66212 | Vaults:3 | Got the Tome of the Frore Catacomb
 66213 | Vaults:3 | Identified the ring "Rablugh" {rC++ Int+6 Stlth-}
 66479 | Orc:2    | Bought 3 boomerangs for 84 gold pieces
 67256 | Lair:4   | Reached skill level 2 in Throwing
 67259 | Lair:4   | Reached skill level 15 in Ice Magic
 67260 | Lair:4   | Reached skill level 3 in Throwing
 67260 | Lair:4   | Killed Buus's ghost
 68066 | D:4      | Killed Crazy Yiuf
 68121 | D:5      | Killed hitsuchi's ghost
 68125 | D:5      | Identified the flux talisman of Understanding {rN+ MP-9
                  | Stlth+}
 68449 | Depths:1 | Entered Level 1 of the Depths
 68469 | Depths:1 | Reached skill level 4 in Throwing
 68675 | Depths:1 | Noticed Mara
 68683 | Depths:1 | Killed Mara
 69023 | Depths:1 | Reached skill level 5 in Throwing
 69316 | Depths:1 | Found a one-way gate to the infinite horrors of the Abyss.
 69321 | Depths:1 | Reached skill level 7 in Shields
 69323 | Depths:1 | Reached skill level 6 in Throwing
 69393 | Depths:1 | Found a gateway to Hell.
 69577 | Depths:1 | Found Zutajug's Book Shop.
 69577 | Depths:1 | Found Vose's Jewellery Shoppe.
 69578 | Depths:1 | Found Nukk's Jewellery Shoppe.
 69637 | Depths:1 | Found a stormy altar of Qazlal.
 69934 | Depths:2 | Reached skill level 7 in Throwing
 70216 | Depths:2 | Noticed a juggernaut
 70221 | Depths:2 | Killed a juggernaut
 70227 | Depths:2 | Reached skill level 16 in Ice Magic
 70240 | Depths:2 | Noticed a golden dragon
 70249 | Depths:2 | Killed a golden dragon
 70308 | Depths:2 | Reached skill level 8 in Shields
 70446 | Depths:2 | Reached skill level 8 in Throwing
 70588 | Depths:2 | Noticed a juggernaut
 70591 | Depths:2 | Killed a juggernaut
 70592 | Depths:2 | Reached XP level 23. HP: 186/186 MP: 32/47
 70627 | Depths:2 | Found a one-way gateway to a ziggurat.
 70686 | Depths:2 | Reached skill level 17 in Fighting
 70831 | Depths:2 | Found Ocvit's Jewellery Emporium.
 70832 | Depths:2 | Found Sibecwoe's General Store.
 70839 | Depths:2 | Reached skill level 16 in Dodging
 70978 | Depths:2 | Bought a potion of heal wounds for 100 gold pieces
 71293 | Depths:2 | Found a one-way gate leading to the halls of Pandemonium.
 71318 | Depths:2 | Reached skill level 9 in Throwing
 71481 | Depths:2 | Reached skill level 9 in Shields
 71574 | Depths:2 | Got Sif Muna's Tractate on Windy Topology
 72415 | Depths:3 | Noticed Vv
 72420 | Depths:3 | Killed Vv
 72421 | Depths:3 | Reached skill level 10 in Throwing
 72451 | Depths:3 | You fall into a shaft and drop 1 floor!
 72451 | Depths:4 | Entered Level 4 of the Depths
 72451 | Depths:4 | Noticed a golden dragon
 72535 | Depths:4 | Noticed a golden dragon
 72559 | Depths:4 | Found a flickering gateway to a bazaar.
 72596 | Bazaar   | Entered a bazaar
 72600 | Bazaar   | Found Ref Tioneme's Jewellery Boutique.
 72622 | Bazaar   | Found Cevvicush's Distillery.
 72643 | Bazaar   | Found Udicomor's Distillery.
 72648 | Bazaar   | Bought a potion of haste for 160 gold pieces
 72663 | Bazaar   | Found Atiroca's Distillery.
 72669 | Bazaar   | Bought a potion of brilliance for 68 gold pieces
 72669 | Bazaar   | Bought a potion of magic for 136 gold pieces
 72690 | Bazaar   | Bought a potion of curing for 51 gold pieces
 72690 | Bazaar   | Bought a potion of heal wounds for 85 gold pieces
 72705 | Bazaar   | Bought a potion of invisibility for 128 gold pieces
 72705 | Bazaar   | Bought a potion of enlightenment for 80 gold pieces
 72705 | Bazaar   | Bought 2 potions of curing for 96 gold pieces
 72705 | Bazaar   | Bought a potion of curing for 48 gold pieces
 72705 | Bazaar   | Bought a potion of heal wounds for 80 gold pieces
 72720 | Bazaar   | Bought a potion of mutation for 88 gold pieces
 72720 | Bazaar   | Bought a potion of cancellation for 88 gold pieces
 72720 | Bazaar   | Bought a potion of mutation for 88 gold pieces
 72720 | Bazaar   | Bought a potion of enlightenment for 55 gold pieces
 72720 | Bazaar   | Bought a potion of curing for 33 gold pieces
 72720 | Bazaar   | Bought a potion of resistance for 110 gold pieces
 73271 | Depths:4 | Reached skill level 17 in Ice Magic
 73642 | Depths:3 | Reached skill level 10 in Shields
 73662 | Depths:3 | Reached skill level 11 in Throwing
 73733 | Depths:3 | Noticed a caustic shrike
 73737 | Depths:3 | Killed a caustic shrike
 74032 | Depths:3 | Reached skill level 18 in Fighting
 74201 | Depths:3 | Identified the +7 long sword "Sufaz" {freeze, rF- Str+5}
 74718 | Depths:4 | Noticed a golden dragon
 74726 | Depths:4 | Noticed Jory
 74731 | Depths:4 | Killed Jory
 74745 | Depths:4 | Noticed a juggernaut
 74750 | Depths:4 | Killed a juggernaut
 74880 | Depths:4 | Reached XP level 24. HP: 197/197 MP: 38/47
 74924 | Depths:4 | Reached skill level 17 in Dodging
 75174 | Depths:4 | Reached skill level 12 in Throwing
 75430 | Depths:4 | Found a runed translucent door.
 75455 | Depths:4 | Found a runed translucent door.
 75455 | Depths:4 | Found a runed translucent door.
 75466 | Depths:4 | Found a runed translucent door.
 75548 | Depths:4 | Found a runed translucent door.
 75548 | Depths:4 | Found a runed translucent door.
 75592 | Depths:4 | Found a gate to the Realm of Zot.
 75687 | Depths:4 | Reached skill level 11 in Shields
 76291 | Crypt:1  | Entered Level 1 of the Crypt
 76563 | Crypt:1  | Acquired 1144 gold pieces
 77001 | Crypt:2  | Reached skill level 18 in Ice Magic
 77421 | Crypt:2  | Noticed Zenata
 77423 | Crypt:2  | Reached skill level 13 in Throwing
 77978 | Crypt:2  | Reached skill level 19 in Fighting
 78153 | Crypt:2  | Zenata changed into Zenata the azure jelly
 78153 | Crypt:2  | Noticed Zenata
 78155 | Crypt:2  | Killed Zenata the azure jelly
 78535 | Crypt:3  | Entered Level 3 of the Crypt
 78762 | Crypt:3  | Learned a level 9 spell: Polar Vortex
 79069 | Crypt:3  | Reached skill level 12 in Shields
 79156 | Crypt:3  | Identified the ring "Taymuuke" {rPois rF+ rN+ rCorr Int+2}
 79250 | Crypt:3  | Reached skill level 18 in Dodging
 79516 | Crypt:3  | Noticed a dread lich
 79524 | Crypt:3  | Reached XP level 25. HP: 208/208 MP: 16/47
 79524 | Crypt:3  | Killed a dread lich
 79659 | Crypt:3  | Found a basalt altar of Yredelemnul.
 79843 | Crypt:3  | Identified the ring "Tuaryesi" {rPois rN+}
 79843 | Crypt:3  | Identified the ring of Zexzeatu {^Drain rN+ rCorr Dex+4}
 80077 | Crypt:3  | Found a staircase to the Tomb.
 80095 | Crypt:3  | Got the Guide on Spectres
 80096 | Crypt:3  | Identified the staff of Saqempia {rPois Str+5 Alchemy}
 80541 | Slime:1  | Entered Level 1 of the Pits of Slime
 80758 | Slime:1  | Reached skill level 19 in Ice Magic
 81390 | Slime:4  | Reached skill level 13 in Shields
 81964 | Slime:5  | Entered Level 5 of the Pits of Slime
 82484 | Slime:5  | Reached skill level 20 in Fighting
 83685 | Slime:5  | Noticed the Royal Jelly
 83729 | Slime:5  | Killed the Royal Jelly
 83730 | Slime:5  | Reached skill level 19 in Dodging
 84342 | Slime:5  | Identified the +1 leather armour of the Kangaroo {+Blink
                  | rF- Str-3 SInv}
 84393 | Slime:5  | Acquired the +1 kite shield "Kuyrahy" {rN+ Int+2}
 84399 | Slime:5  | Got a slimy rune of Zot
 84407 | Slime:5  | Identified the +1 pair of boots "Lyumm" {rElec}
 84457 | Slime:5  | Got the Vellum of Viperous Position
 84495 | Slime:5  | Identified the +3 falchion of the Crafting Badger {venom,
                  | Str+3 Int+3}
 84513 | Slime:5  | Identified the +3 sling "Starlight" {drain, ^Drain rPois
                  | Str-2 Dex+5}
 84534 | Slime:5  | Got the Elucidation of the Injurious Tincture
 85222 | Elf:1    | You showed the slimy rune of Zot to enter a treasure trove
 85223 | Trove    | Entered a treasure trove
 85427 | Trove    | Identified the amulet of Lotucsod {Faith *Slow +Blink
                  | Int+2}
 85443 | Trove    | Identified the +2 hat "Seod Voi" {*Slow rF+ Dex+4}
 85446 | Trove    | Identified the amulet of Domaun {RegenMP Harm Str-4 Int+4}
 85449 | Trove    | Identified the +0 buckler "Giaf" {rElec rF++ rN+ Int-2}
 85451 | Trove    | Identified the amulet of Lauqag {Regen+ Str+4}
 85464 | Trove    | Identified the ring of the Threshing Coward {*Corrode rElec
                  | Will+ AC+4 Str+3}
 85480 | Trove    | Identified the ring "Ywymol" {rCorr Int+6 Dex+4}
 85494 | Trove    | Identified the ring of the Prince of Darkness {Wiz +Blink
                  | Will+ rCorr Dex+3}
 85525 | Trove    | Identified the ring of the Pure Invaders {*Corrode EV+5
                  | Str+3}
 85539 | Trove    | Identified the ring of Mothryann {Fly rPois Int-4 Dex+4}
 85552 | Trove    | Identified the ring "Ajoh" {Ice Str+5}
 85896 | Vaults:5 | Entered Level 5 of the Vaults
 85963 | Vaults:5 | Reached skill level 14 in Shields
 86075 | Vaults:5 | Reached skill level 20 in Ice Magic
 86334 | Vaults:5 | Reached skill level 14 in Throwing
 86651 | Vaults:5 | Identified the +8 dagger "Mopp" {antimagic, rCorr}
 86703 | Vaults:5 | Reached XP level 26. HP: 169/218 MP: 6/47
 86801 | Vaults:5 | Reached skill level 15 in Shields
 86813 | Vaults:5 | Noticed an ancient lich
 86834 | Vaults:5 | Reached skill level 15 in Throwing
 86840 | Vaults:5 | Killed an ancient lich
 87076 | Vaults:5 | Noticed a dread lich
 87084 | Vaults:5 | Killed a dread lich
 87405 | Vaults:5 | Reached skill level 16 in Throwing
 87406 | Vaults:5 | Identified the ring "Piram" {Fly Dex-2 Slay+2 SInv}
 87715 | Vaults:5 | Noticed a dread lich
 87724 | Vaults:5 | Killed a dread lich
 87833 | Vaults:5 | Reached skill level 17 in Throwing
 88275 | Vaults:5 | Got a silver rune of Zot
 88359 | Vaults:5 | Identified the ring of the Castellan {Ice *Slow rN++ Int+3
                  | Stlth+}
 88468 | Vaults:5 | Identified the ring of the Riding Nightmares {Ice rElec rN+
                  | Int+4}
 88646 | Vaults:5 | Found Joteji's Weapon Boutique.
 88653 | Vaults:5 | Identified the +2 pair of gloves "Holasmobu" {rC+}
 89056 | Orc:1    | Bought a scroll of revelation for 105 gold pieces
 89056 | Orc:1    | Bought a scroll of revelation for 105 gold pieces
 89096 | Orc:2    | Bought a wand of charming (5) for 372 gold pieces
 89096 | Orc:2    | Bought an encrusted short sword for 248 gold pieces
 89096 | Orc:2    | Identified the +1 short sword "Wecutab" {venom, ^Contam
                  | +Blink Int+4} (You bought it in a shop on level 2 of the
                  | Orcish Mines)
 89370 | Zot:1    | Entered Level 1 of the Realm of Zot
 89405 | Zot:1    | Noticed an orb of fire
 89412 | Zot:1    | Killed an orb of fire
 89481 | Zot:1    | Reached skill level 18 in Throwing
 90337 | Zot:2    | Reached skill level 19 in Throwing
 90403 | Zot:2    | Noticed an orb of fire
 90412 | Zot:2    | Killed an orb of fire
 90655 | Zot:2    | Reached XP level 27. HP: 217/224 MP: 23/47
 90990 | Zot:2    | Reached skill level 20 in Throwing
 91038 | Zot:2    | Noticed Parghit
 91050 | Zot:2    | Killed Parghit
 92743 | Zot:5    | Entered Level 5 of the Realm of Zot
 93271 | Zot:5    | Reached skill level 13 in Armour
 93800 | Zot:5    | Noticed an orb of fire
 93804 | Zot:5    | Killed an orb of fire
 93831 | Zot:5    | Noticed a dread lich
 93836 | Zot:5    | Killed a dread lich
 93837 | Zot:5    | Reached skill level 16 in Shields
 93837 | Zot:5    | Noticed a dread lich
 93844 | Zot:5    | Noticed an ancient lich
 93845 | Zot:5    | Killed a dread lich
 93847 | Zot:5    | Reached skill level 20 in Dodging
 93849 | Zot:5    | Noticed an ancient lich
 93854 | Zot:5    | Killed an ancient lich
 93874 | Zot:5    | Killed an ancient lich
 93875 | Zot:5    | Reached skill level 14 in Armour
 93967 | Zot:5    | Noticed a dread lich
 93972 | Zot:5    | Killed a dread lich
 94022 | Zot:5    | Noticed an ancient lich
 94025 | Zot:5    | Killed an ancient lich
 94466 | Zot:5    | Noticed an orb of fire
 94469 | Zot:5    | Killed an orb of fire
 94577 | Zot:5    | Noticed an orb of fire
 94581 | Zot:5    | Killed an orb of fire
 94830 | Zot:5    | Noticed a dread lich
 94835 | Zot:5    | Killed a dread lich
 94836 | Zot:5    | Reached skill level 17 in Shields
 94849 | Zot:5    | Reached skill level 15 in Armour
 94860 | Zot:5    | Noticed an ancient lich
 94873 | Zot:5    | Killed an ancient lich
 94882 | Zot:5    | Noticed an orb of fire
 94886 | Zot:5    | Gained mutation: You are dopey. (Int -2) [an orb of fire]
 94891 | Zot:5    | Gained mutation: Your body sometimes deteriorates upon
                  | taking damage. [an orb of fire]
 94895 | Zot:5    | Killed an orb of fire
 94899 | Zot:5    | Noticed an ancient lich
 94914 | Zot:5    | Killed an ancient lich
 94959 | Zot:5    | Reached skill level 16 in Armour
 94972 | Zot:5    | Noticed an ancient lich
 94976 | Zot:5    | Killed an ancient lich
 96035 | Zot:5    | Reached skill level 18 in Shields
 96348 | Zot:5    | Got the Orb of Zot
 96648 | D:12     | Noticed Weroeck the pandemonium lord
 96665 | D:12     | Killed Weroeck the pandemonium lord
 96769 | D:8      | Noticed Wiemeh the pandemonium lord
 96903 | D:2      | Reached skill level 17 in Armour
 96914 | D:1      | Noticed Tienuop the pandemonium lord
 96918 | D:$      | Escaped with the Orb!

Illustrated notes

Levels and vault maps discovered:
D:1:      noname_arrival_rooms_in_the_neighbourhood, layout_basic,
          ebering_ecumenical_altar_hall
D:2:      layout_loops_ring
D:3:      layout_rooms
D:4:      layout_rooms, roderic_lattice_a, serial_park_tiny_2,
          nicolae_figureground_pulse, uniq_sigmund, uniq_crazy_yiuf_cottage
D:5:      layout_rooms, serial_bayou, serial_bayou_lagoon_a,
          serial_bayou_pond_b, serial_bayou_pond_d, serial_bayou_pond_b,
          gammafunk_ghost_arena, chequers_decorated_corner
D:6:      layout_gridville, slow_altar_1, minmay_temple_entry_wispy,
          pf_guarded_unrand_delatra
D:7:      layout_basic, minmay_misc_feat_columns, minmay_misc_feat_doors,
          uniq_maggie, uniq_prince_ribbit1
D:8:      layout_basic, minmay_misc_feat_chi, grunt_ministairs_7,
          minmay_fountain_box, nicolae_stop_n_shop_1
D:9:      layout_big_octagon, dpeg_oklobed_lair, minmay_statues_item,
          corexii_leaking_fountain, uniq_grum
D:10:     layout_long_grid, lightli_elemental_guards
D:11:     layout_loops_ring, orc_0_dummy, serial_rivers,
          chequers_serial_rivers_micro_c, chequers_serial_rivers_small_a,
          chequers_serial_rivers_small_b, chequers_serial_rivers_large_b,
          chequers_serial_rivers_room_a, uniq_nergalle
D:12:     layout_cave_pools, reono_crystal_passage, minivault_16, uniq_fannar
D:13:     layout_loops_ring, david_vaults_5, serial_shops,
          nicolae_shop_just_a_little_nook, hangedman_weighted_door
D:14:     cross_vault, layout_loops_corners, doesnt_xom_only_xom, uniq_roxanne
D:15:     gammafunk_enter_depths_forms, layout_rooms,
          nicolae_hepliaklqana_hazy_memory, nicolae_ru_the_path_less_chosen
Temple:   mainiacjoe_temple_trianglar_array
Lair:1:   layout_gridlike, gauntlet_entry_generic
Lair:2:   layout_loops_ring, minmay_shoals_entry_lonely_mermaid,
          dummy_spider_entry, beast_lair_carwin_9, grunt_megastairs_3
Lair:3:   layout_regular_city, serial_forest, infiniplex_forest_straight_3,
          infiniplex_forest_end_2, infiniplex_forest_zigzag_1,
          infiniplex_forest_clump_C, infiniplex_forest_end_double,
          infiniplex_forest_clump_small, infiniplex_forest_lined_corner,
          infiniplex_forest_lined_room_2, infiniplex_forest_pool
Lair:4:   layout_cave_pods, nicolae_slime_entry_slimehenge, nzn_ghost_randoct,
          st_stairs_4, infiniplex_staircase_pool_2
Lair:5:   cheibrodos_lair_end_hotspot, layout_layer_cave, basic_altar,
          serial_bayou_pond_d, wad_woods_road_06, infiniplex_staircase_pool
Shoals:1: layout_shoals, serial_shops, shop
Shoals:2: layout_shoals, ebering_ghost_inner_flame, nicolae_stop_n_shop_1
Shoals:3: layout_shoals
Shoals:4: shoals_end_hellmonk_holy_island, serial_shops, uniq_polyphemus,
          uniq_nikola, uniq_mlioglotl
Spider:1: layout_spider_delve
Spider:2: layout_cave_pods
Spider:3: layout_chambers
Spider:4: spider_rune_water, uniq_agnes, uniq_arachne
Slime:1:  layout_caves
Slime:2:  layout_caves
Slime:3:  layout_caves
Slime:4:  layout_caves
Slime:5:  slime_pit_nicolae_block_by_block
Orc:1:    layout_caves, portal_ice_cave_entry_animals_and_master, basic_altar,
          serial_shops, shop
Orc:2:    st_orc_mages, layout_diamond_mine, serial_shops, nicolae_shop_stone,
          uniq_azrael
Elf:1:    minmay_elf_arrival_summoners, layout_rooms,
          nicolae_trove_entry_free_sample, minivault_28, corner_web_ring,
          hangedman_elven_ridges
Elf:2:    nicolae_elf_blades_splatter_lattice [nicolae_blade_tridents],
          layout_loops_cross, ebering_ghost_xom, patterned_corridor
Elf:3:    elf_hall, layout_gridlike, drop_trap, uniq_saint_roka
Vaults:1: ebering_ghost_reflecting_pool, hangedman_vaults_locks,
          nicolae_vaults_museum, nicolae_vaults_ninety_degrees,
          nicolae_vaults_tetromino_T_1, nicolae_vaults_two_Ls,
          nicolae_vaults_network_s, vaults_dpeg_spiral,
          nicolae_vaults_little_squares_3, v_pattern_2, v_misc_32,
          ontoclasm_vaults_fault, grunt_vaults_swirl, vaults_dpeg_diagonal,
          vaults_dpeg_encased_lava, layout_vaults_omnibox, uniq_boris
Vaults:2: serial_ice_b, nicolae_vaults_library_corner,
          nicolae_vaults_little_squares_2, v_misc_27, vaults_mumra_minichess,
          nicolae_vaults_three_branches, nicolae_vaults_six-pack,
          layout_vaults_omnigrid, dummy_crypt_entry, serial_shops, shop
Vaults:3: ebering_ghost_disaster_area, vaults_room_stairs_pillars,
          ontoclasm_vaults_ring_large, nicolae_vaults_statue_guard, v_misc_19,
          nicolae_vaults_offset_grid_hallway_1, nicolae_vaults_asterisk,
          nicolae_vaults_closet_pinwheel_4, ontoclasm_vaults_eye,
          layout_vaults_omnicross, uniq_bai_suzhen, uniq_mennas, uniq_norris
Vaults:4: ontoclasm_vaults_shuriken, nicolae_vaults_shipping_containers_4,
          nicolae_vaults_alarming, v_misc_28, nicolae_vaults_trapezoid_4,
          vaults_room_stairs_pillars, v_misc_9, hangedman_vaults_nodes,
          nicolae_vaults_surprise_closet, v_misc_4,
          nicolae_vaults_circle_grid_b, nicolae_vaults_tetromino_Z_2,
          vaults_room_pools, nicolae_vaults_storage_room_water,
          layout_vaults_ring, serial_shops, shop
Vaults:5
Crypt:1:  layout_misc_corridors
Crypt:2:  layout_chaotic_city, serial_co_window_serial, co_window_cross_1,
          co_window_corner_a, co_window_of_opportunity_a, co_window_corner_a,
          co_window_paths_b, co_window_paths_b, co_window_of_opportunity_a,
          co_window_of_opportunity_a, co_window_corner_a, co_window_2corner,
          co_window_unsneaky_path_e, co_window_corner_b, co_window_2corner,
          glass_columns_c, glass_columns_a, glass_columns_c, glass_columns_b,
          glass_columns_c, uniq_zenata
Crypt:3:  cryptofortress_bobbens
Depths:1: layout_gridville, hell_entry, minmay_room_of_horrors,
          minmay_misc_feat_diagonals, grunt_qazlal_clouds, minmay_shop_grove,
          hangedman_decor_cross_pass, uniq_mara
Depths:2: nicolae_legendary_halls, layout_basic, enter_ziggurat_e, pan_entry,
          hangedman_coc_ice_floe, minmay_gold_behind_fungi,
          minmay_staircase_statues_hall_large, minmay_shoptagon
Depths:3: minmay_blocking_statues, layout_basic, pf_dread_powers_of_hell,
          abyss_entry, grunt_pan_entry_spiral, roderic_serpentine_path,
          minivault_16, infiniplex_staircase_diamond, uniq_margery, uniq_vv
Depths:4: evilmike_zot_entry_castle, layout_gridlike, serial_shops,
          bzr_entry_dummy, grunt_metal_band, hangedman_abyss_or_decor_stagger,
          rand_demon_pan_entry_7, uniq_jory
Zot:1:    layout_onion_interference
Zot:2:    kennysheep_room_grid, layout_onion_interference, uniq_parghit
Zot:3:    layout_twisted_circle, regret_index_zotdec_glowing_original,
          gammafunk_ghost_cemetery
Zot:4:    layout_misc_corridors, regret_index_zotdec_tunneler,
          grunt_megastairs_4
Zot:5:    layout_misc_corridors

Skill      XL: |  1  2  3  4  5  6  7  8  9 10 11 12 13 14 15 16 17 18 19 20 21 22 23 24 25 26 27 |
---------------+----------------------------------------------------------------------------------+-----
Stealth        | 2 3 |  3.0
Fighting       | 1 2 3 4 6 7 8 9 12 14 15 16 18 19 20 | 20.0
Ice Magic      | 5 6 7 8 9 13 14 16 17 18 20 | 20.0
Shields        | 1 3 4 6 8 10 12 14 15 18 | 18.5
Spellcasting   | 3 4 5 6 8 10 12 13 14 15 16 20 | 20.0
Summonings     | 3 4 |  4.0
Fire Magic     | 3 6 9 11 13 14 | 14.8
Air Magic      | 3 6 9 11 13 14 15 16 17 | 17.0
Evocations     | 2 4 7 10 | 10.0
Dodging        | 5 8 11 13 14 15 16 18 19 20 | 20.0
Armour         | 4 9 11 12 17 | 17.0
Conjurations   | 3 8 10 | 10.0
Throwing       | 8 11 13 14 19 20 | 20.9

Action                     |  1- 3 |  4- 6 |  7- 9 | 10-12 | 13-15 | 16-18 | 19-21 | 22-24 | 25-27 || total
---------------------------+-------+-------+-------+-------+-------+-------+-------+-------+-------++-------
  Melee: War axe           |    15 |       |       |       |       |       |       |       |       ||    15
         Short sword       |       |    56 |    77 |       |       |       |       |       |       ||   133
         Flail             |       |       |    30 |       |       |       |       |       |       ||    30
         Whip              |       |       |    61 |   323 |   123 |       |       |       |       ||   507
         Unarmed           |       |       |    10 |       |       |       |       |       |       ||    10
         Staff             |       |       |       |       |    37 |   134 |    78 |    28 |    20 ||   297
  Throw: Dart              |       |       |    17 |     3 |       |       |       |       |       ||    20
         Javelin           |       |       |       |       |       |       |       |       |    34 ||    34
         Boomerang         |       |       |       |       |       |       |       |       |   102 ||   102
   Cast: Freeze            |    43 |    23 |    17 |     7 |       |     1 |       |       |       ||    91
         Frozen Ramparts   |     3 |    14 |    26 |    34 |    10 |       |       |       |       ||    87
         Ozocubu's Armour  |       |     2 |    18 |    27 |     7 |       |       |       |       ||    54
         Summon Ice Beast  |       |       |     2 |    15 |       |       |       |       |       ||    17
         Hailstorm         |       |       |       |    10 |     6 |       |       |       |       ||    16
         Plasma Beam       |       |       |       |    53 |   261 |   102 |   331 |   580 |   482 ||  1809
         Fireball          |       |       |       |       |    15 |     2 |       |       |       ||    17
         Ozocubu's Refrige |       |       |       |       |    57 |   428 |   104 |   104 |   164 ||   857
         Arcjolt           |       |       |       |       |       |    56 |    30 |    12 |     7 ||   105
         Maxwell's Capacit |       |       |       |       |       |     1 |    25 |    18 |    53 ||    97
         Polar Vortex      |       |       |       |       |       |       |       |       |    23 ||    23
         Blink             |       |       |       |       |       |       |       |       |     3 ||     3
Ability: Hop               |       |     1 |     3 |    16 |     1 |     2 |     7 |     3 |    10 ||    43
  Evoke: Wand              |       |       |       |     5 |     8 |    12 |    12 |     2 |     5 ||    44
         Box of beasts     |       |       |       |     1 |       |       |     1 |       |     1 ||     3
         Phantom mirror    |       |       |       |       |       |       |     1 |       |       ||     1
    Use: Scroll            |       |     4 |    10 |    11 |     6 |    10 |     5 |     4 |    22 ||    72
         Potion            |       |     2 |       |       |     1 |       |     2 |       |    11 ||    16
   Stab: Sleeping          |       |     4 |       |     1 |       |       |       |       |       ||     5
         Distracted        |       |     1 |     1 |       |       |       |       |       |       ||     2
 Armour: Robe              |    15 |    22 |    63 |       |       |       |       |       |       ||   100
         Steam dragon scal |       |       |    30 |   203 |   126 |   139 |    41 |       |       ||   539
         Skin              |       |       |     3 |       |       |       |       |       |       ||     3
         Ring mail         |       |       |       |       |       |       |   124 |   127 |    82 ||   333
         Quicksilver drago |       |       |       |       |       |       |       |       |   145 ||   145
  Dodge: Dodged            |    35 |    41 |   132 |   269 |   135 |   248 |   330 |   150 |   184 ||  1524
  Block: Buckler           |       |    19 |   108 |   187 |   122 |   142 |    69 |    45 |    20 ||   712
         Reflection        |       |       |     6 |     3 |     9 |     9 |     1 |       |       ||    28
         Kite shield       |       |       |       |       |       |       |       |       |   212 ||   212

Table legend: (Time is in decaauts)
 A = Elapsed time spent in this place.
 B = Non-inter-level travel time spent in this place.
 C = Inter-level travel time spent in this place.
 D = Time resting spent in this place.
 E = Time spent auto-exploring this place.
 F = Levels seen in this place.
 G = Mean time per level.
                   A        B        C        D        E       F      G
               +--------+--------+--------+--------+--------+-----+--------+
         Total | 105235 |  95995 |   9240 |  27206 |  54862 |  60 | 1753.9 |
       Dungeon |  22293 |  19103 |   3190 |   3513 |  12206 |  15 | 1486.2 |
        Temple |     71 |      3 |     68 |      0 |      0 |   1 |   71.0 |
          Lair |  11846 |  10229 |   1617 |   3148 |   5927 |   5 | 2369.2 |
        Shoals |   8065 |   7509 |    556 |   2449 |   4318 |   4 | 2016.2 |
   Spider Nest |  10064 |   9615 |    449 |   1615 |   7158 |   4 | 2516.0 |
    Slime Pits |   4563 |   4392 |    171 |   2623 |    898 |   5 |  912.6 |
  Orcish Mines |   3500 |   2907 |    593 |    297 |   2045 |   2 | 1750.0 |
   Elven Halls |   8750 |   8048 |    702 |   3421 |   3584 |   3 | 2916.7 |
        Vaults |  13561 |  12565 |    996 |   2506 |   8165 |   5 | 2712.2 |
         Crypt |   4355 |   4205 |    150 |   1246 |   2395 |   3 | 1451.7 |
        Depths |   8706 |   8202 |    504 |   1548 |   5325 |   4 | 2176.5 |
           Zot |   7281 |   7042 |    239 |   3935 |   2172 |   5 | 1456.2 |
        Bazaar |    176 |    176 |      0 |      0 |     98 |   1 |  176.0 |
         Trove |    370 |    370 |      0 |    200 |      0 |   1 |  370.0 |
      Ice Cave |   1040 |   1040 |      0 |    505 |    331 |   1 | 1040.0 |
      Gauntlet |    588 |    588 |      0 |    198 |    235 |   1 |  588.0 |
               +--------+--------+--------+--------+--------+-----+--------+

Top non-repeatable levels by time:
   Elf:3: 4281 daAuts
   Zot:5: 3702 daAuts
  Lair:5: 3388 daAuts
Spider:3: 3247 daAuts
Vaults:5: 3216 daAuts
Vaults:1: 3154 daAuts
Vaults:2: 3022 daAuts
Shoals:3: 2860 daAuts
  Lair:4: 2795 daAuts
 Slime:5: 2653 daAuts
    D:14: 2621 daAuts
Spider:2: 2591 daAuts
   Orc:2: 2586 daAuts
Depths:4: 2585 daAuts
Depths:2: 2437 daAuts

Table legend:
 A = Kills in this place as a percentage of kills in the entire game.
 B = Kills by you in this place as a percentage of kills by you in the entire game.
 C = Kills by friends in this place as a percentage of kills by friends in the entire game.
 D = Other kills in this place as a percentage of other kills in the entire game.
 E = Experience gained in this place as a percentage of experience gained in the entire game.
 F = Experience gained in this place divided by the number of levels of this place that you have seen.
                   A       B       C       D       E      F
               +-------+-------+-------+-------+-------+----------------------
         Total | 100.0 | 100.0 | 100.0 | 100.0 | 100.0 | 25041.9
       Dungeon |  16.5 |  16.2 |  43.8 | 100.0 |   6.1 | 6104.5
          Lair |   6.6 |   6.7 |   0.0 |   0.0 |   3.1 | 9427.4
        Shoals |   6.1 |   6.0 |  18.8 |   0.0 |   5.5 | 20526.8
   Spider Nest |   9.0 |   9.1 |   0.0 |   0.0 |   6.1 | 22922.5
    Slime Pits |   6.0 |   6.0 |   0.0 |   0.0 |   5.7 | 17242.8
  Orcish Mines |   5.5 |   5.5 |   0.0 |   0.0 |   1.3 | 9782.5
   Elven Halls |   6.4 |   6.5 |   0.0 |   0.0 |   6.8 | 34234.3
        Vaults |  16.4 |  16.4 |  25.0 |   0.0 |  21.5 | 64684.0
         Crypt |   6.7 |   6.8 |   0.0 |   0.0 |   7.0 | 34902.3
        Depths |  11.5 |  11.5 |   0.0 |   0.0 |  17.4 | 65215.8
           Zot |   7.4 |   7.5 |   0.0 |   0.0 |  18.9 | 56775.4
      Ice Cave |   1.4 |   1.4 |   0.0 |   0.0 |   0.4 | 5311.0
      Gauntlet |   0.6 |   0.5 |  12.5 |   0.0 |   0.2 | 3351.0
               +-------+-------+-------+-------+-------+----------------------
